 Dungeon Crawl Stone Soup version 0.27.1-34-g3ba077fa99 (webtiles) character file.

Game seed: 12726378830644184165

47 mcbry74 the Slasher (level 3, -1/31 HPs)
             Began as a Minotaur Berserker on Jan 26, 2022.
             Was a Follower of Trog.
             Shot with a stone by a goblin (5 damage)
             ... on level 2 of the Dungeon.
             The game lasted 00:03:27 (1433 turns).

mcbry74 the Slasher (Minotaur Berserker)            Turns: 1433, Time: 00:03:27

Health: -1/31      AC:  2    Str: 22    XL:     3   Next: 48%
Magic:  2/2        EV: 12    Int:  4    God:    Trog [*.....]
Gold:   135        SH:  0    Dex:  9    Spells: 2/2 levels left

rFire    . . .     SeeInvis .   g - +0 rapier (venom)
rCold    . . .     Faith    .   (no shield)
rNeg     . . .     Spirit   .   b - +0 animal skin
rPois    .         Reflect  .   (helmet restricted)
rElec    .         Harm     .   (no cloak)
rCorr    .         Rampage  .   (no gloves)
Will     .....                  (no boots)
Stlth    +.........             (no amulet)
HPRegen  0.10/turn              (no ring)
MPRegen  0.08/turn              (no ring)

@: lethally poisoned (-1 -> -9)
A: horns 2, retaliatory headbutt
a: Renounce Religion, Berserk


You were on level 2 of the Dungeon.
You worshipped Trog.
Trog was aware of your devotion.
You visited 1 branch of the dungeon, and saw 2 of its levels.

You collected 135 gold pieces.

Inventory:

Hand Weapons
 a - a +0 falchion
 g - a +0 rapier of venom (weapon)
Missiles
 e - 16 sling bullets
Armour
 b - a +0 animal skin (worn)
Scrolls
 c - a scroll of enchant weapon {unknown}
Potions
 d - a potion of resistance {unknown}
 f - a potion of curing {unknown}


   Skills:
 - Level 3.6 Fighting
 + Level 0.1(3.0) Short Blades
 + Level 5.5 Long Blades
 - Level 2.4 Armour
 - Level 2.1 Dodging


You had 2 spell levels left.
You didn't know any spells.
Your spell library was empty.

Dungeon Overview and Level Annotations

Branches:
Dungeon (2/15)

Altars:
Sif Muna


Innate Abilities, Weirdness & Mutations

You have a pair of horns on your head.
You reflexively headbutt those who attack you in melee.


Message History

A hobgoblin comes into view.
Your +0 rapier of venom begins to drip with poison!
g - a +0 rapier of venom (weapon)
The hobgoblin shouts!
A rat comes into view.
You barely miss the hobgoblin. Your headbutt misses the hobgoblin.
The hobgoblin misses you.
You barely miss the hobgoblin. The hobgoblin hits you.
You puncture the hobgoblin!
You kill the hobgoblin!
Trog accepts your kill.
The goblin shoots a stone.
The stone closely misses you.
You hit the rat. You headbutt the rat.
You kill the rat!
Trog accepts your kill.
The goblin shoots a stone.
The stone hits you.
A kobold comes into view. It is wielding a +0 dagger.
The kobold shouts!
The kobold throws a stone.
The stone hits you.
The goblin shoots a stone.
The stone closely misses you.
The goblin shoots a stone.
The stone hits you.
The goblin unwields a +0 hunting sling.
The goblin wields a +2 dagger of venom.
It begins to drip with poison!
The goblin barely misses you.
You closely miss the goblin. Your headbutt misses the goblin.
The goblin hits you but does no damage.
You are poisoned.
You barely miss the goblin. Your headbutt misses the goblin.
You feel sick.
The goblin hits you with a +2 dagger of venom.
You are lethally poisoned!
You closely miss the goblin. Your headbutt misses the goblin.
You feel very sick. The goblin misses you.
You feel very sick.
The goblin unwields a +2 dagger of venom.
It stops dripping with poison.
The goblin wields a +0 hunting sling.
The goblin shoots a stone.
The stone hits you.
* * * LOW HITPOINT WARNING * * *
* * * LOW HITPOINT WARNING * * *
You feel sick.
The goblin shoots a stone.
The stone hits you.
You die...

..
#.....##.......#
..
###.....##........
.
#......###.......#
#.#.####.#
#.......#
#.#.#.####.#
#.......#
#...g....#.#
####.####
#.##.#.## #.....
#.......## #.####
#@.......####.####
#.##.#.#<........<
#.##.....#####.###
#.#####.## #†###
#.#####.# #.##.
#.......# #.##.
######### #.##.
#.... ####.


You could see a goblin.

Vanquished Creatures
  An adder (D:2)
  A worm (D:2)
  A dart slug (D:1)
  A ball python (D:2)
  7 endoplasms
  A goblin (D:1)
  4 hobgoblins
  3 quokkas
  4 bats
  2 frilled lizards
  2 kobolds
  3 rats
30 creatures vanquished.

Notes
Turn   | Place    | Note
-------+----------+-------------------------------------------
     0 | D:1      | mcbry74 the Minotaur Berserker began the quest for the Orb.
     0 | D:1      | Reached XP level 1. HP: 19/19 MP: 0/0
   107 | D:1      | Reached skill level 4 in Long Blades
   277 | D:1      | Reached XP level 2. HP: 26/26 MP: 1/1
   316 | D:1      | Found a faded altar of an unknown god.
   746 | D:2      | Reached skill level 5 in Long Blades
   746 | D:2      | Reached XP level 3. HP: 29/31 MP: 2/2
  1102 | D:2      | Found a shimmering blue altar of Sif Muna.
  1433 | D:2      | Shot with a stone by a goblin

Illustrated notes

Levels and vault maps discovered:
D:1:      lightli_arrival_flooded_house, layout_basic,
          dreamdust_ecumenical_altar_angels_and_demons
D:2:      layout_loops_cross, basic_altar

Skill      XL: |  1  2 |
---------------+-------+-----
Long Blades    | 4 5 |  5.5
Fighting       | |  3.6
Short Blades   | |  0.1
Armour         | |  2.4
Dodging        | |  2.1

Action                   || total
-------------------------++-------
Melee: Falchion          ||    51
       Headbutt          ||     9
       Rapier            ||     7
Armor: Animal skin       ||     8
Dodge: Dodged            ||    34
       Rpst.: Falchion   ||     6
